Map: Port Aleksander LE

Players

PrinceVegeta

  • Race: Zerg Zerg
  • League: Diamond
  • Spawn Location: 5:00

Yuurei - Winner!

  • Race: Terran Terran
  • Spawn Location: 11:00

VOD

Have the link to the VOD?

Description

ZephynM AKA Yuurei in StarCraft 2. Bio/Ghost memes with pew pews.

Time

  • Played on: Jan. 19, 2019, 2:49 a.m.
  • Length: 21:01
Show
View Real Time Build Order
Export as new Build Order

PrinceVegeta Zerg 

Build Orders: Hatch First, Roach Hydra 

Get SALT Encoding   

  12  0:05  Drone  
  13  0:22  Overlord  
  13  0:24  Drone  
  14  0:40  Drone x2  
  16  0:44  Drone  
  17  1:01  Drone  
  17  1:02  Hatchery  
  17  1:06  Drone  
  18  1:19  Extractor  
  18  1:21  Drone, Spawning Pool  
  17  1:31  Drone  
  18  1:39  Drone  
  19  1:48  Drone  
  20  1:59  Drone  
  21  2:10  Drone  
  21  2:14  Queen x2, Drone  
  27  2:25  Metabolic Boost, Overlord  
  27  2:27  Zergling x2  
  28  2:35  Overlord  
  28  2:45  Drone x2  
  28  2:48  Zergling x2  
  31  2:56  Zergling x2  
  31  2:58  Queen  
  32  3:01  Drone  
  32  3:02  Hatchery  
  32  3:04  Drone  
  35  3:07  Drone  
  36  3:14  Zergling x2  
  36  3:19  Drone  
  38  3:24  Drone x3  
  38  3:26  Drone x3  
  44  3:27  Overlord  
  44  3:32  Overlord  
  44  3:47  Overlord  
  44  3:50  Drone  
  44  3:53  Drone  
  46  3:56  Drone x3  
  46  4:00  Drone x3  
  52  4:04  Lair  
  52  4:08  Drone  
  52  4:09  Drone  
  54  4:10  Evolution Chamber  
  54  4:11  Evolution Chamber  
  54  4:12  Extractor  
  51  4:19  Roach Warren  
  51  4:22  Overlord  
  50  4:28  Zergling x14  
  50  4:30  Baneling Nest  
  56  4:35  Spine Crawler  
  56  4:37  Spine Crawler, Overlord  
  55  4:39  Overlord  
  55  4:45  Spore Crawler  
  54  4:50  Queen  
  56  4:54  Drone  
  56  4:55  Spore Crawler  
  56  4:59  Roach x2  
  60  5:00  Roach  
  60  5:03  Roach  
  60  5:05  Glial Reconstitution  
  64  5:16  Baneling x3  
  64  5:18  Drone x5  
  64  5:19  Drone  
  70  5:21  Roach  
  70  5:25  Roach  
  74  5:35  Extractor  
  73  5:38  Queen  
  73  5:39  Spore Crawler, Overlord  
  73  5:40  Baneling  
  73  5:41  Overlord  
  74  5:43  Roach  
  74  5:49  Roach x3  
  82  5:54  Overlord  
  82  6:01  Overlord, Drone  
  84  6:04  Drone x2  
  84  6:05  Roach, Drone  
  84  6:06  Drone  
  84  6:08  Drone  
  84  6:10  Drone  
  91  6:13  Drone  
  91  6:14  Drone x2  
  94  6:19  Pneumatized Carapace  
  94  6:21  Drone  
  94  6:24  Extractor  
  94  6:26  Drone x4  
  94  6:28  Drone  
  99  6:37  Zerg Ground Armor Level 1  
  99  6:41  Evolution Chamber  
  99  6:44  Hydralisk Den  
  97  6:49  Overlord  
  97  6:54  Overlord  
  97  6:56  Baneling x3  
  97  6:57  Baneling  
  97  7:07  Ravager  
  98  7:13  Roach x2  
  98  7:14  Hydralisk, Roach  
  106  7:18  Zergling x28  
  106  7:20  Extractor  
  119  7:22  Spine Crawler  
  118  7:34  Grooved Spines  
  118  7:39  Drone x6  
  118  7:41  Extractor, Overlord  
  118  7:43  Ravager  
  124  7:52  Ravager x2  
  124  7:53  Drone x4  
  128  8:00  Drone x7  
  128  8:04  Drone x2  
  137  8:13  Infestation Pit  
  137  8:18  Spine Crawler  
  135  8:23  Baneling x2  
  135  8:24  Baneling x5  
  135  8:30  Baneling  
  135  8:31  Spine Crawler  
  135  8:32  Hatchery  
  135  8:33  Spore Crawler  
  132  8:40  Hydralisk x3  
  138  8:41  Overlord  
  138  8:44  Overlord x2  
  138  8:46  Muscular Augments  
  138  8:47  Overseer  
  138  8:50  Baneling  
  138  8:51  Centrifical Hooks  
  138  8:53  Zerg Melee Weapons Level 1  
  138  8:54  Zerg Missile Weapons Level 1  
  138  8:57  Extractor  
  138  9:01  Spine Crawler  
  138  9:02  Extractor  
  133  9:03  Drone x5  
  133  9:04  Drone  
  139  9:39  Hydralisk x7  
  139  9:45  Hive  
  149  9:47  Overseer, Hydralisk x2, Spire  
  149  9:49  Overlord  
  152  9:53  Overlord x5  
  152  10:09  Overlord  
  152  10:13  Spire, Overlord  
  151  10:27  Hatchery  
  150  10:39  Overseer  
  152  10:42  Ravager  
  152  10:43  Ravager x9  
  152  10:44  Zergling x40  
  152  10:49  Overseer  
  178  10:50  Drone  
  178  10:51  Drone  
  171  11:05  Hatchery  
  168  11:17  Queen x4  
  150  11:38  Baneling x3  
  150  11:40  Overlord  
  150  11:41  Greater Spire  
  150  11:42  Zerg Flyer Armor Level 1  
  150  11:45  Zerg Ground Armor Level 2, Zerg Missile Weapons Level 2, Ultralisk Cavern  
  144  11:48  Drone x7  
  144  11:52  Zergling x6, Queen  
  141  11:55  Drone x3  
  141  12:00  Overseer  
  144  12:05  Overlord  
  144  12:06  Pathogen Glands  
  143  12:08  Drone x3  
  141  12:36  Corruptor x7  
  141  12:38  Hydralisk x2  
  141  12:41  Overseer  
  159  12:45  Adrenal Glands  
  159  12:46  Drone  
  159  12:47  Drone  
  152  13:01  Hydralisk x8  
  152  13:05  Drone x3  
  170  13:07  Zerg Flyer Weapons Level 1  
  170  13:12  Infestor x3  
  151  13:42  Zergling x18  
  151  13:43  Overlord  
  151  13:45  Ultralisk, Hatchery  
  165  13:51  Spore Crawler  
  165  13:54  Extractor x2  
  165  13:55  Drone  
  163  13:56  Drone x4  
  163  13:57  Spine Crawler x3, Hatchery  
  163  13:58  Spine Crawler  
  163  13:59  Overlord  
  163  14:01  Overlord  
  162  14:07  Queen x2  
  166  14:13  Zerg Melee Weapons Level 2  
  166  14:16  Zerg Ground Armor Level 3  
  166  14:18  Chitinous Plating  
  152  14:43  Ultralisk x3  
  152  14:44  Zergling x2  
  138  14:46  Infestor  
  140  14:58  Infestor  
  140  14:59  Infestor  
  128  15:01  Brood Lord x2  
  121  15:07  Brood Lord  
  129  15:14  Ultralisk  
  129  15:17  Zergling x10  
  129  15:21  Drone x2  
  124  15:30  Infestor  
  124  15:31  Hydralisk x2  
  124  15:33  Zergling x6, Hatchery  
  124  15:34  Infestor  
  134  15:36  Baneling x2  
  134  15:37  Baneling  
  134  15:42  Zergling x10  
  137  15:48  Queen  
  139  15:52  Queen  
  139  15:54  Baneling x3  
  141  16:09  Ultralisk x2  
  141  16:10  Zergling x6  
  135  16:12  Baneling  
  93  16:34  Brood Lord x3, Corruptor  
  93  16:35  Corruptor x2  
  93  16:36  Baneling x4  
  105  16:40  Zergling x2  
  105  16:41  Zergling x6  
  109  16:48  Zergling x12  
  109  16:50  Baneling  
  115  16:56  Zergling x12  
  118  17:01  Zergling x6  
  118  17:02  Zergling x4  
  118  17:03  Zergling x2  
  109  17:11  Drone x5  
  109  17:13  Zergling x2  
  104  17:22  Drone  
  104  17:23  Drone x4  
  104  17:27  Drone x2  
  110  17:31  Baneling x3  
  110  17:33  Drone  
  111  17:39  Drone  
  111  17:44  Drone x2  
  114  17:47  Drone x3  
  116  18:01  Infestor, Hatchery  
  117  18:07  Infestor  
  119  18:17  Ultralisk  
  125  18:25  Zerg Flyer Armor Level 2  
  125  18:27  Anabolic Synthesis  
  122  18:41  Ultralisk  
  122  18:43  Infestor, Corruptor  
  122  18:45  Drone x2  
  129  18:48  Drone  
  129  18:49  Drone  
  129  18:53  Infestor  
  132  19:01  Corruptor x2  
  136  19:03  Drone  
  136  19:04  Drone  
  136  19:08  Corruptor  
  140  19:18  Hatchery  
  140  19:19  Drone  
  140  19:20  Infestor  
  140  19:22  Queen  
  144  19:26  Infestor  
  144  19:42  Corruptor, Hatchery  
  144  19:43  Brood Lord  
  140  19:49  Queen x2  
  144  19:55  Spore Crawler  
  144  19:57  Drone x5  
  144  19:59  Spine Crawler  
  147  20:05  Spore Crawler  
  146  20:10  Drone x4  
  146  20:12  Spine Crawler  
  149  20:14  Spine Crawler  
  149  20:15  Queen  
  149  20:17  Queen  
  152  20:21  Baneling  
  102  20:43  Hatchery  
Show
View Real Time Build Order
Export as new Build Order

Yuurei Terran - Winner!

Build Orders:  

Get SALT Encoding   

  12  0:00  SCV  
  13  0:13  SCV  
  14  0:19  Supply Depot  
  14  0:25  SCV  
  15  0:40  SCV  
  15  0:42  Barracks  
  16  0:52  SCV  
  16  0:53  Refinery  
  17  1:05  SCV  
  18  1:17  SCV  
  19  1:29  Marine, Orbital Command  
  20  1:37  Refinery  
  20  1:38  Supply Depot  
  20  1:47  Marine  
  22  2:05  Marine  
  22  2:07  SCV  
  23  2:13  Barracks  
  23  2:15  Barracks  
  23  2:17  Ghost Academy  
  23  2:23  SCV  
  23  2:29  Marine  
  24  2:35  SCV  
  26  2:42  Supply Depot  
  26  2:44  Supply Depot  
  26  2:48  Barracks Tech Lab, SCV  
  27  3:00  Barracks Reactor  
  27  3:02  SCV, Barracks Tech Lab  
  28  3:08  Ghost  
  30  3:17  SCV  
  31  3:20  Ghost  
  34  3:34  SCV  
  34  3:37  Marine x2  
  35  3:46  Ghost, SCV  
  38  3:51  Marine  
  38  3:55  Marine  
  40  3:57  Marine  
  40  4:01  Supply Depot  
  41  4:11  Command Center  
  41  4:16  Marine  
  42  4:17  Marine  
  43  4:37  Marine x2  
  47  4:40  Factory  
  47  4:45  Ghost  
  45  4:49  Ghost, Bunker  
  49  5:05  Supply Depot  
  49  5:09  SCV  
  50  5:15  Marine x2  
  50  5:16  Marine  
  50  5:19  Marine  
  54  5:27  Supply Depot  
  54  5:29  Supply Depot  
  54  5:34  Starport  
  54  5:36  Factory Reactor  
  54  5:42  SCV  
  55  5:49  Marine  
  56  5:50  Engineering Bay x2  
  56  5:51  Marine  
  57  5:59  Orbital Command  
  57  6:03  SCV  
  58  6:15  Personal Cloaking  
  58  6:16  SCV  
  61  6:21  Terran Infantry Weapons Level 1  
  61  6:23  Terran Infantry Armor Level 1  
  59  6:26  SCV  
  60  6:35  SCV  
  60  6:39  SCV  
  62  6:42  Marine x4  
  62  6:44  Medivac  
  68  6:49  SCV  
  68  6:51  SCV  
  70  6:55  Stimpack  
  70  6:59  Refinery  
  70  7:01  SCV  
  70  7:03  SCV  
  70  7:05  Marine x2  
  70  7:08  Marine  
  75  7:09  Marine  
  75  7:13  SCV  
  75  7:15  SCV  
  78  7:25  SCV  
  78  7:27  SCV  
  78  7:29  Command Center  
  80  7:31  Refinery  
  80  7:41  Marine x4  
  80  7:42  SCV x2  
  86  7:46  Medivac x2  
  86  7:50  Supply Depot  
  90  7:53  Supply Depot  
  89  8:22  Armory  
  89  8:26  SCV x2  
  91  8:30  Marine x3  
  91  8:31  Medivac x2, Marine  
  99  8:41  Barracks  
  99  8:42  Barracks, Supply Depot  
  99  8:46  Orbital Command  
  99  8:49  SCV x2, Marine x2  
  103  9:08  SCV x2  
  103  9:09  Marine x3  
  110  9:10  Medivac, Marauder  
  112  9:21  Missile Turret  
  112  9:22  Missile Turret  
  112  9:24  Terran Infantry Armor Level 2, Orbital Command  
  112  9:25  Terran Infantry Weapons Level 2  
  112  9:26  Marine  
  113  9:47  Barracks Reactor, Barracks Tech Lab  
  113  10:03  Marine x2  
  113  10:04  Medivac, Marauder x2  
  113  10:05  Medivac  
  123  10:10  Command Center, Orbital Command  
  123  10:12  Refinery  
  123  10:15  Refinery  
  123  10:21  Marine  
  123  10:22  Barracks, Supply Depot  
  123  10:23  Barracks  
  123  10:25  Marauder  
  126  10:29  Marine x3, Marauder  
  131  11:05  Ghost, Marine x3  
  131  11:06  Marine, Marauder x2  
  135  11:26  Ghost  
  135  11:27  Marauder  
  135  11:31  Marine  
  135  11:32  Marine x2  
  142  11:33  Barracks Tech Lab x2  
  142  11:34  SCV, Marauder  
  142  11:35  SCV x2  
  142  11:37  Orbital Command  
  147  11:47  SCV  
  148  11:48  Marauder  
  150  11:55  Ghost  
  152  12:09  Ghost x2, Marine x3, Marauder  
  152  12:10  Marauder  
  163  12:16  Medivac x2  
  163  12:20  SCV x2  
  163  12:21  SCV  
  169  12:40  Marine, Marauder  
  169  12:41  Command Center  
  172  12:45  Orbital Command  
  172  12:50  Ghost  
  172  12:51  Ghost, Marine  
  172  12:53  Marine x2  
  172  12:57  Terran Infantry Armor Level 3, Terran Infantry Weapons Level 3  
  171  12:59  Marauder  
  172  13:17  Marine  
  172  13:18  Marauder x2  
  145  13:28  Ghost  
  145  13:29  Marine x3, Marauder x2  
  144  13:35  Combat Shield  
  144  13:36  Concussive Shells  
  144  13:39  Ghost  
  144  13:40  SCV x3  
  148  13:41  SCV  
  148  13:52  SCV x2  
  148  13:53  Supply Depot  
  148  13:54  Supply Depot x2  
  150  13:57  Missile Turret  
  150  14:02  Planetary Fortress, Missile Turret  
  150  14:05  SCV x3  
  153  14:10  Marine  
  153  14:11  Marauder  
  156  14:19  Starport  
  137  14:46  Ghost  
  137  14:47  Ghost, Marine x3, Marauder  
  137  14:48  Marauder x2  
  150  15:02  Marine  
  150  15:04  Medivac x2, Marine  
  150  15:06  Starport Reactor  
  156  15:08  Ghost x2  
  156  15:09  Marauder  
  162  15:16  Marauder  
  162  15:29  Ghost, Marine  
  162  15:30  Marine x3, Marauder  
  170  15:36  Ghost  
  170  15:37  Ghost, SCV x4, Marauder  
  170  15:38  Command Center  
  170  15:40  Medivac  
  170  15:41  Medivac  
  184  15:51  Marauder  
  186  15:57  Command Center  
  186  16:00  Unknown x9  
  186  16:01  Unknown x9  
  157  16:21  Ghost x2, Marine x4, Marauder  
  157  16:22  Marauder x2  
  153  16:33  Medivac  
  153  16:34  Medivac x2  
  153  16:35  Medivac  
  153  16:38  Marine  
  162  16:42  Ghost  
  162  16:43  Marauder  
  163  16:58  Ghost, Marine  
  163  16:59  Marine x3, Marauder x2  
  163  17:03  Ghost  
  163  17:06  Barracks  
  163  17:07  Barracks  
  149  17:11  Marauder  
  151  17:16  Marine  
  151  17:17  Unknown x2  
  151  17:19  Unknown  
  151  17:20  Ghost  
  151  17:21  Marauder  
  143  17:24  Refinery x2  
  143  17:27  Ghost  
  143  17:53  Planetary Fortress  
  143  18:00  SCV  
  143  18:01  Ghost, Marine  
  143  18:02  Ghost, Marine x3, Marauder x2  
  143  18:03  Marauder  
  158  18:05  Barracks Tech Lab x2  
  158  18:08  Command Center  
  157  18:23  Ghost  
  159  18:36  Sensor Tower  
  160  18:41  SCV x4, Sensor Tower  
  160  18:42  SCV x2  
  160  18:44  Neosteel Armor  
  160  18:45  Hi-Sec Auto Tracking  
  165  18:51  Sensor Tower  
  165  19:01  Ghost x2, Marine  
  165  19:02  Ghost x2, Marine x3, Marauder x3  
  177  19:07  Refinery x2  
  177  19:13  Planetary Fortress  
  177  19:19  Marine x2  
  177  19:23  Ghost, Marauder  
  185  19:24  Marauder  
  185  19:30  Marauder  
  185  19:31  Marauder x2  
  179  19:41  Planetary Fortress  
  177  19:52  Refinery  
  171  19:53  SCV x3, Refinery  
  171  19:54  SCV x2  
  174  20:03  Ghost x2, Marine  
  174  20:04  Ghost x2, Marine x3, Marauder x2  
  174  20:05  Marauder  
  192  20:21  Marine  
  192  20:25  Marauder  
  181  20:36  Marine x3, Marauder  
  181  20:37  Marauder x2  
  181  20:39  Marine  
Tags
 
Composition
Roach Hydra
League
Diamond
Matchup
TvZ
Spawn Locations
Cross Positions
Add a new tag
Caveats
  • Supply blocks, unpowered buildings, or Contaminate may cause inaccurate times.
  • Supply counts are checked every 10 seconds.